AoeStats
← :)

Arena

507181927Analyzed
4v4 RM · 17d ago on Sep 17, 2026· 49m 32s· 8 players
Game mode
Random Map
Map size
Large (8 player)
Population
200
Speed
Normal
Resources
Standard
Victory
Conquest
Starting age
Dark Age
Ending age
Imperial Age
RankedLock teamsTeams togetherTeam positionsShared explorationLock speedFull tech treeHidden civsTurbo modeCheats
Victory
Defeat
🇭🇰 Spanish · Hong Kong SAR China
1470
+12
🇦🇷 Italians · Argentina
1419
+15
🇧🇷 Lithuanians · Brazil
1338
+18
🇳🇿 Goths · New Zealand
1306
+20
1403
-17
🇦🇷 Mongols · Argentina
1396
-17
🇺🇸 Hindustanis · United States
1371
-16
🇺🇸 Vikings · United States
1369
-15
NoobProElite
9:35 Feudal Age
10:11 Double-Bit Axe
10:09 Horse Collar
16:22 Castle Age
15:16 Loom
18:19 Wheelbarrow
17:45 Heavy Plow
18:02 Bow Saw
21:00 Stone Mining
21:45 Hand Cart
21:36 Gold Mining
23:51 Stone Shaft Mining
24:52 Fortified Wall
26:24 Gold Shaft Mining
26:55 Town Watch
30:03 Imperial Age
27:42 Scale Barding Armor
27:56 Forging
28:10 Bloodlines
28:00 Husbandry
28:43 Ballistics
28:33 Masonry
29:19 Devotion
29:55 Chain Barding Armor
30:11 Iron Casting
30:15 Fletching
30:34 Murder Holes
30:19 Heavy Camel Rider
31:39 Plate Barding Armor
31:10 Town Patrol
31:56 Caravan
33:12 Blast Furnace
32:05 Fletching
32:43 Grand Trunk Road
32:09 Imperial Camel Rider
34:07 Chemistry
33:15 Siege Engineers
34:24 Two-Man Saw
35:46 Light Cavalry
37:14 Hussar
40:22 Conscription
40:19 Bodkin Arrow
40:24 Padded Archer Armor
40:33 Shatagni
42:16 Hoardings
42:07 Leather Archer Armor
41:53 Bracer
46:12 Ring Archer Armor
TestofOne
10:46 Feudal Age
15:33 Castle Age
14:07 Double-Bit Axe
14:09 Loom
14:07 Horse Collar
15:48 Crossbowman
17:50 Town Watch
18:39 Ballistics
22:02 Fletching
26:14 Fortified Wall
26:10 Heavy Plow
28:06 Bodkin Arrow
27:59 Pikeman
30:35 Scale Mail Armor
31:35 Chain Mail Armor
31:30 Forging
33:52 Imperial Age
31:29 Squires
31:15 Gambesons
31:19 Treadmill Crane
31:38 Gold Mining
33:22 Gold Shaft Mining
34:02 Bow Saw
33:53 Town Patrol
33:58 Capped Ram
34:09 Arbalester
34:58 Bracer
35:55 Siege Ram
36:54 Elite Skirmisher
41:07 Chemistry
40:13 Siege Engineers
40:57 Bogsveigar
42:39 Man-at-Arms
42:45 Elite Berserk
47:55 Iron Casting
47:51 Plate Mail Armor
:)
10:55 Feudal Age
15:14 Castle Age
13:32 Double-Bit Axe
13:34 Horse Collar
23:31 Loom
23:56 Fletching
24:41 Padded Archer Armor
25:25 Gold Mining
26:56 Wheelbarrow
26:47 Bodkin Arrow
27:46 Leather Archer Armor
34:04 Imperial Age
38:03 Imperial Age
40:12 Hand Cart
42:48 Husbandry
42:59 Bloodlines
43:11 Light Cavalry
灯窝森曾瑞卜药方松滴
3:50 Loom
11:29 Feudal Age
15:18 Castle Age
13:59 Horse Collar
14:08 Double-Bit Axe
16:35 Bow Saw
16:34 Heavy Plow
23:14 Wheelbarrow
28:39 Imperial Age
26:37 Man-at-Arms
27:19 Pikeman
28:02 Scale Mail Armor
28:13 Forging
27:48 Long Swordsman
28:30 Gambesons
29:15 Chain Mail Armor
28:44 Two-Handed Swordsman
29:14 Arson
29:46 Champion
31:11 Plate Mail Armor
31:17 Iron Casting
32:02 Hand Cart
31:13 Capped Ram
31:59 Halberdier
34:23 Blast Furnace
35:50 Ballistics
36:30 Chemistry
35:09 Heavy Scorpion
36:02 Fletching
38:31 Siege Ram
39:25 Siege Engineers
Bass
11:05 Feudal Age
15:16 Castle Age
13:19 Double-Bit Axe
14:33 Horse Collar
15:14 Loom
26:32 Imperial Age
25:12 Bow Saw
27:07 Fletching
27:55 Wheelbarrow
27:24 Heavy Plow
28:43 Bodkin Arrow
28:35 Town Watch
31:05 Bracer
31:06 Padded Archer Armor
34:00 Ballistics
34:41 Chemistry
37:04 Conscription
39:49 Leather Archer Armor
41:58 Hand Cart
41:36 Gold Mining
41:38 Stone Mining
42:29 Elite Genoese Crossbowman
43:51 Murder Holes
44:07 Masonry
45:46 Ring Archer Armor
Renan Santos 14
9:56 Feudal Age
14:41 Castle Age
12:56 Double-Bit Axe
15:31 Scale Barding Armor
16:56 Bow Saw
18:41 Horse Collar
22:07 Heavy Plow
24:49 Bloodlines
25:46 Gold Mining
26:33 Wheelbarrow
25:44 Loom
26:40 Chain Barding Armor
26:23 Husbandry
31:51 Imperial Age
29:49 Hand Cart
29:55 Forging
33:02 Conscription
32:58 Tower Shields
33:04 Scale Mail Armor
34:23 Two-Man Saw
33:06 Cavalier
33:39 Pikeman
34:20 Squires
34:42 Chain Mail Armor
35:07 Iron Casting
34:53 Halberdier
37:10 Paladin
39:13 Stone Mining
45:54 Plate Barding Armor
46:06 Light Cavalry
47:11 Winged Hussar
Soup
12:17 Feudal Age
13:42 Double-Bit Axe
17:26 Castle Age
17:39 Horse Collar
19:07 Bow Saw
18:58 Heavy Plow
19:36 Wheelbarrow
22:00 Loom
25:02 Anarchy
25:36 Scale Mail Armor
25:38 Squires
27:37 Hand Cart
27:33 Forging
27:39 Chain Mail Armor
27:45 Gold Mining
27:24 Pikeman
29:46 Iron Casting
30:16 Man-at-Arms
30:58 Long Swordsman
36:36 Imperial Age
36:42 Two-Handed Swordsman
38:26 Blast Furnace
37:57 Crop Rotation
38:29 Two-Man Saw
38:07 Perfusion
37:31 Champion
jardan1234
10:59 Feudal Age
14:49 Castle Age
12:54 Double-Bit Axe
12:52 Horse Collar
15:47 Stone Mining
16:53 Gold Mining
18:30 Bow Saw
21:17 Wheelbarrow
21:27 Padded Archer Armor
24:14 Bloodlines
24:04 Husbandry
26:20 Leather Archer Armor
30:37 Imperial Age
30:06 Loom
30:37 Hand Cart
30:08 Town Watch
31:40 Stone Shaft Mining
31:11 Heavy Plow
32:00 Ring Archer Armor
31:54 Elite Conquistador
35:43 Chemistry
34:13 Capped Ram
35:47 Ballistics
35:41 Fortified Wall
35:43 Masonry
36:40 Fletching
39:31 Elite Skirmisher
40:32 Bodkin Arrow
Connection lost

Rejoining the realm…

Still unreachable

The connection could not be restored.

Session expired

The server has moved on; the page needs a fresh start.